 Dungeon Crawl Stone Soup version 0.27.1-3-gb3d3a73c9e (webtiles) character file.

Game seed: 5030665669766816629

74 saltiestKirin the Ruffian (level 4, 0/37 HPs)
             Began as a Ghoul Gladiator on Oct 21, 2021.
             Was a Believer of Yredelemnul.
             Slain by an orc wizard (1 damage)
             ... on level 1 of the Dungeon on Oct 24, 2021.
             The game lasted 00:31:11 (2776 turns).

saltiestKirin the Ruffian (Ghoul Gladiator)         Turns: 2776, Time: 00:31:11

Health: 0/37       AC:  9    Str: 17    XL:     4   Next: 28%
Magic:  3/3        EV:  7    Int:  4    God:    Yredelemnul [**....]
Gold:   120        SH:  0    Dex: 10    Spells: 3/3 levels left

rFire    . . .     SeeInvis .     - Unarmed
rCold    + . .     Faith    .   (no shield)
rNeg     + + +     Spirit   .   k - +0 chain mail
rPois    ∞         Reflect  .   b - +0 helmet
rElec    .         Harm     .   (no cloak)
rCorr    .         Rampage  .   (no gloves)
Will     .....                  (no boots)
Stlth    ..........             l - amulet of the acrobat
HPRegen  0.00/turn              (no ring)
MPRegen  0.08/turn              (no ring)

@: confused, weak-willed, inhibited regen
A: claws 1, cold resistance 1, negative energy resistance 3, inhibited
regeneration, torment resistance 2
a: Renounce Religion, Animate Remains, Recall Undead Slaves, Injury Mirror


You were on level 1 of the Dungeon.
You worshipped Yredelemnul.
Yredelemnul was pleased with you.
You visited 1 branch of the dungeon, and saw 2 of its levels.

You collected 120 gold pieces.

Inventory:

Hand Weapons
 d - a +0 dagger
 f - a +0 club
 o - a +1 hunting sling
Missiles
 c - 3 throwing nets
 g - 13 poisoned darts
Armour
 a - a +0 leather armour
 b - a +0 helmet (worn)
 e - a +0 robe
 j - a +0 leather armour of fire resistance
 k - a +0 chain mail (worn)
Jewellery
 l - an amulet of the acrobat (around neck)


   Skills:
 + Level 2.3 Fighting
 + Level 1.8 Throwing
 + Level 1.0 Armour
 + Level 3.4 Dodging
 + Level 0.6 Stealth
 + Level 4.2 Unarmed Combat
 + Level 0.2 Invocations


You had 3 spell levels left.
You didn't know any spells.
Your spell library contained the following spells:

 Spells                   Type           Power      Damage    Failure   Level
 Magic Dart               Conj           0%         1d3       100%        1
 Call Imp                 Summ           0%         N/A       100%        2
 Mephitic Cloud           Conj/Pois/Air  0%         N/A       100%        3


Dungeon Overview and Level Annotations

Branches:
Dungeon (2/15)

Altars:
Yredelemnul


Innate Abilities, Weirdness & Mutations

You thrive by killing the living.
You are immune to poison.
You have sharp fingernails.
Your flesh is cold resistant. (rC+)
You are immune to negative energy. (rN+++)
You do not regenerate when monsters are visible.
You are immune to unholy pain and torment.


Message History

Yredelemnul accepts your kill.
You feel better.
The giant cockroach zombie bites your dart slug zombie.
Your dart slug zombie is destroyed!
The giant cockroach zombie barely misses you.
Things that are here:
a +0 flail; a +0 scale mail; an orc corpse You claw the giant cockroach zombie!
You destroy the giant cockroach zombie!
That felt strangely unrewarding.
You start waiting.
Something hits you but does no damage.
Deactivating autopickup; reactivate with Ctrl-A.
You start waiting.
Something hits you.
* * * LOW HITPOINT WARNING * * *
As you read the scroll labelled VENISY IRHI, it crumbles to dust.
You hear a loud clanging noise!
It was a scroll of noise.
You hear some strange, mumbled words.
A magic dart appears from out of thin air!
The magic dart hits you.
* * * LOW HITPOINT WARNING * * *
You closely miss something. Something hits you but does no damage.
As you read the scroll labelled CUFYNK HUFAJUS, it crumbles to dust.
Magic quickly surges around you.
It was a scroll of vulnerability.
Something hits you but does no damage.
As you read the scroll labelled BOMIHEIRIG, it crumbles to dust.
It is a scroll of enchant weapon.
Your +0 hunting sling glows red for a moment.
Something hits you but does no damage.
You claw something!
You hear some strange, mumbled words.
Something tries to affect you, but you resist.
You scratch something.
You are too injured to fight recklessly!
You closely miss something.
You hear some strange, mumbled words.
You are confused.
You completely miss something. Something hits you.
You die...
Yredelemnul claims you as an undead slave.

######## #......#
#.####.################
#.# #>................
#.# #{#....##########.
#.# #@#....# ## #.#
###....# # #.# #....# #
#.# #....# #.# #....#
#.# #....# #.# #....#
#.# ######
#.#############


There were no monsters in sight!

Vanquished Creatures
  2 adders (D:2)
  A dart slug (D:1)
  4 orcs
  A ball python (D:2)
  5 endoplasms
  4 giant cockroaches
  A goblin (D:1)
  6 hobgoblins
  2 jackals (D:2)
  2 kobolds (D:1)
  A quokka (D:2)
  7 bats
  6 frilled lizards
  A giant cockroach zombie (D:1)
  3 rats
  A bush (D:2)
47 creatures vanquished.

Vanquished Creatures (collateral kills)
  A bat (D:2)
  2 jackals (D:2)
3 creatures vanquished.

Vanquished Creatures (others)
  A bat zombie (D:2)
  An adder zombie (D:2)
  A dart slug zombie (D:1)
  A frilled lizard zombie (D:2)
  A jackal zombie (D:2)
  A quokka zombie (D:2)
  A bush (D:2)
  5 fungi (D:1)
  28 plants
40 creatures vanquished.

Grand Total: 90 creatures vanquished

Notes
Turn   | Place    | Note
-------+----------+-------------------------------------------
     0 | D:1      | saltiestKirin the Ghoul Gladiator began the quest for the
                  | Orb.
     0 | D:1      | Reached XP level 1. HP: 17/17 MP: 0/0
   185 | D:1      | Reached XP level 2. HP: 24/24 MP: 1/1
   520 | D:1      | Found a faded altar of an unknown god.
   527 | D:1      | Became a worshipper of Yredelemnul the Dark
   527 | D:1      | Reached * piety under Yredelemnul
   582 | D:1      | Reached XP level 3. HP: 27/29 MP: 2/2
  1569 | D:2      | Reached skill level 4 in Unarmed Combat
  2320 | D:2      | Reached XP level 4. HP: 35/36 MP: 3/3
  2381 | D:2      | Reached ** piety under Yredelemnul
  2382 | D:2      | Reached skill level 1 in Armour
  2769 | D:1      | HP: 1/37 [something/magic dart (5)]
  2776 | D:1      | Slain by an orc wizard

Illustrated notes

Levels and vault maps discovered:
D:1:      amcnicky_arrival_gap_in_the_tavern_cellar, layout_basic,
          shapermc_ecumenical_altar_mp_urbaneastern
D:2:      wad_crossroads, layout_loops_ring, serial_forest,
          infiniplex_forest_straight_3, infiniplex_forest_clump_C,
          infiniplex_forest_clump_C, infiniplex_forest_clump_C,
          infiniplex_forest_straight_4, infiniplex_forest_clump_double,
          infiniplex_forest_lined_room_2, infiniplex_forest_clump_double,
          infiniplex_forest_end_double, infiniplex_forest_clump_tiny

Skill      XL: |  1  2  3  4 |
---------------+-------------+-----
Dodging        | 3 |  3.4
Unarmed Combat | 4 |  4.2
Armour         | 1 |  1.0
Fighting       | |  2.3
Throwing       | |  1.8
Stealth        | |  0.6
Invocations    | |  0.2

Action                   |  1- 3 |  4- 6 || total
-------------------------+-------+-------++-------
Melee: Unarmed           |   160 |    88 ||   248
       Punch             |     2 |     4 ||     6
Invok: Animate Remains   |     5 |     2 ||     7
  Use: Scroll            |     1 |     4 ||     5
       Potion            |     1 |       ||     1
Armor: Leather armour    |    27 |       ||    27
       Chain mail        |    32 |    33 ||    65
Dodge: Dodged            |    82 |    19 ||   101
